 Dungeon Crawl Stone Soup version 0.13.0-25-g43d4df3 (webtiles) character file.

79773 Numot the Warrior (level 15, -23/138 HPs)
             Began as a Minotaur Berserker on Oct 28, 2013.
             Was the Champion of Trog.
             Killed from afar by a merfolk aquamancer (46 damage)
             ... with a shard of ice
             ... on Level 2 of the Shoals.
             The game lasted 02:41:38 (22526 turns).

Numot the Warrior (Minotaur Berserker)             Turns: 22526, Time: 02:41:38

HP -23/138       AC 32     Str 24      XL: 15   Next: 19%
MP   1/1         EV 14     Int  4      God: Trog [******]
Gold 898         SH  0     Dex 15      Spells:  0 memorised, 14 levels left

Res.Fire  : + + .   See Invis. : .   z - +3,+10 morningstar (antimagic)
Res.Cold  : . . .   Warding    : +   T - +11 chain mail of Focus {rF++ Dex+1}
Life Prot.: + . .   Conserve   : .   (no shield)
Res.Poison: .       Res.Corr.  : .   W - +1 wizard hat {MR+}
Res.Elec. : .       Clarity    : .   (no cloak)
Sust.Abil.: . .     Spirit.Shd : .   (no gloves)
Res.Mut.  : .       Stasis     : .   j - +2 pair of boots
Res.Rott. : .       Flight     : .   D - amulet of warding
Saprovore : . . .                    u - +4 ring of protection
                                     G - ring of sustenance

@: quite resistant to hostile enchantments, extremely unstealthy
A: retaliatory headbutt, horns 2
a: Burn Spellbooks, Berserk, Trog's Hand, Brothers in Arms, Renounce Religion


You were on level 2 of the Shoals.
You worshipped Trog.
Trog was exalted by your worship.
You were not hungry.

You visited 6 branches of the dungeon, and saw 26 of its levels.

You collected 2033 gold pieces.
You spent 1155 gold pieces at shops.

Inventory:

Hand weapons
 m - the +6,+12 broad axe of Orb Guardian's Regret {flame, Int+2 Stlth}
   (Trog gifted it to you on level 12 of the Dungeon)

   It emits flame when wielded, causing extra injury to most foes and up to
   double damage against particularly susceptible opponents.
   Big, fiery blades are also staple armaments of hydra-hunters.
   It affects your intelligence (+2).
   It makes you more stealthy.
 q - a +4,+7 anti-magic executioner's axe
 r - a +7,+1 dwarven anti-magic battleaxe
 z - a +3,+10 anti-magic morningstar (weapon)
 F - a +1,+4 anti-magic battleaxe
Armour
 j - a +2 pair of boots (worn)
 T - the +11 chain mail of Focus (worn) {rF++ Dex+1}
   (You found it on level 8 of the Dungeon)

   It affects your dexterity (+1).
   It greatly protects you from fire.
 W - a +1 wizard hat of magic resistance (worn)
Comestibles
 b - an apricot
 c - 4 grapes
 i - 4 strawberries
 H - 2 apples
 I - 2 bread rations
 J - a beef jerky
 N - 6 cheeses
 O - 2 meat rations
 P - a rambutan
 R - 3 chokos
 V - a pear
Scrolls
 n - 2 scrolls of blinking
 o - 11 scrolls of remove curse
 p - 3 scrolls of fear
 s - 7 scrolls of teleportation
 v - a scroll of magic mapping
 w - a scroll of torment {unknown}
 Q - 2 scrolls of identify
 U - a scroll of brand weapon {unknown}
 X - a scroll of enchant armour
Jewellery
 d - an uncursed ring of see invisible {unknown}
 g - an uncursed ring of see invisible {unknown}
 u - a +4 ring of protection (right hand)
 x - an uncursed ring of teleport control
 y - an uncursed ring of protection from magic {unknown}
 D - an amulet of warding (around neck)
 G - a ring of sustenance (left hand)
 M - a cursed ring of hunger {unknown}
Potions
 a - a potion of magic {unknown}
 e - a potion of brilliance
 f - a potion of restore abilities
 l - 2 potions of flight
 A - 2 potions of invisibility
 B - a potion of might
 K - a potion of poison {unknown}
 Y - a potion of beneficial mutation {unknown}
Miscellaneous
 h - a plain deck of defence {the Helm}
 k - a lantern of shadows
 t - an ornate deck of escape
 C - a fan of gales
 E - a lamp of fire
 L - a crystal ball of energy


   Skills:
 + Level 17.0 Fighting
 * Level 12.9 Axes
 - Level 15.9 Maces & Flails
 + Level 13.4 Armour
 + Level 13.5 Dodging
 - Level 1.5 Stealth


You had 14 spell levels left.
You didn't know any spells.

Dungeon Overview and Level Annotations

Branches:
Dungeon (12/27)            Temple (1/1) D:7             Orc (4/4) D:11
    Elf (3/3) Orc:4          Lair (4/8) D:12         Shoals (2/5) Lair:4
  Swamp: Lair:3-6     Snake: Lair:3-6    Spider: Lair:3-6

Altars:
Ashenzari
Cheibriados
Elyvilon
Fedhas
Kikubaaqudgha
Makhleb
Nemelex Xobeh
Okawaru
Sif Muna
Trog
Vehumet
Xom
Yredelemnul
Zin
the Shining One
Beogh

Shops:
D:11 (   Orc:4 [(?}   Elf:2 *


Innate Abilities, Weirdness & Mutations

You reflexively headbutt those who attack you in melee.
You have a pair of horns on your head.


Message History

The merfolk aquamancer shouts!
The centaur shoots an arrow.
The arrow misses you.
The merfolk aquamancer casts a spell at you.
The ball of steam misses you.
The merfolk aquamancer gestures at you while chanting.
The great wave of water hits you!
* * * LOW HITPOINT WARNING * * *
The wave splashes down.
Splash!
You fall into the shallow water.
Moving in this stuff is going to be slow.
The merfolk throws a spear.
The spear hits you!
* * * LOW HITPOINT WARNING * * *
You hear a splash.
You hear a shout!
You hear an angry hiss.
You hear an angry hiss.
You hear a screech!
You hear a shout!
You hear a shout!
You hear a shout!
You hear a shout!
The merfolk aquamancer points at you and mumbles some strange words.
The shard of ice hits you!
You die...

.... PPPP..≈≈..
P≈≈≈≈≈......
≈≈P≈≈≈≈....≈..
≈≈≈≈P≈.....≈.$..
≈P....?.......≈.
≈.......c.S...≈≈
......!.).≈§#..≈≈≈
........@§§....≈≈.
...?$..§§≈≈....≈≈≈
###m..m.<.PPP.≈≈≈
#..m...(....P.≈≈≈
..##..(......≈≈≈ .
###.....≈...
##...m....
##...... ####..


You could see a sea snake, 3 merfolk aquamancers, a merfolk and a centaur.

Vanquished Creatures
  Norris (Elf:2)
  Rupert (Elf:2)
  Donald (Elf:2)
  Gastronok (Orc:1)
  A stone giant (Orc:3)
  A deep elf demonologist (Elf:3)
  A deep elf annihilator (Elf:3)
  A merfolk impaler (Shoals:1)
  The ghost of ark the Grappler, a powerful TrEE of Okawaru (D:11)
  4 hydras
  Fannar (Orc:3)
  An ice dragon (Lair:4)
  A deep elf high priest (Elf:3)
  Harold (D:11)
  Erolcha (Orc:1)
  14 deep elf knights
  A sea snake (Shoals:1)
  The ghost of timbw the Grappler, an experienced TrFi (D:6)
  7 deep elf conjurers
  5 harpies (Shoals:1)
  2 cyclopes (D:12)
  Maurice (Orc:2)
  8 spiny frogs
  2 black mambas
  13 deep elf summoners
  A spiny frog (shapeshifter) (Elf:1)
  A feature mimic (Orc:4)
  An item mimic (Lair:3)
  11 demonic crawlers
  A small abomination (Elf:3)
  2 jumping spiders (Elf:2)
  3 komodo dragons
  Sonja (Orc:3)
  9 deep elf priests
  3 trolls
  2 two-headed ogres
  5 blink frogs (Lair:2)
  3 snapping turtles (Shoals:1)
  A basilisk (Lair:3)
  8 redbacks
  5 tarantellas
  A griffon skeleton (D:11)
  The ghost of timbw the Ruffian, an average TrFi (D:5)
  2 hogs (D:12)
  A steam dragon (D:9)
  25 yaks
  18 deep elf magi
  5 hippogriffs
  A wyvern (D:9)
  3 hungry ghosts
  A hill giant skeleton (D:9)
  21 deep elf fighters
  7 merfolk (Shoals:1)
  A necrophage (D:12)
  4 wolves
  2 porcupines
  20 orc warriors
  2 phantoms
  6 ice beasts
  4 black bears
  A human (D:12)
  A slave (D:6)
  2 sky beasts
  12 centaurs
  2 wargs
  10 ogres
  A boring beetle (Lair:4)
  6 crocodiles
  A rotting devil (Elf:2)
  6 water moccasins
  2 big kobolds (D:9)
  6 giant slugs
  A gnoll sergeant (D:10)
  Blork the orc (D:8)
  18 giant frogs
  A wyvern zombie (D:12)
  A cyclops zombie (D:11)
  6 agate snails
  An eye of draining (D:8)
  A cyclops skeleton (D:9)
  3 jellies
  25 killer bees
  11 wights
  2 goliath beetles
  2 giant frog zombies
  2 crimson imps
  A centaur skeleton (D:4)
  A gnoll shaman (D:8)
  12 iguanas
  2 lava snakes (D:12)
  3 scorpions
  7 hounds
  A giant frog skeleton (D:4)
  17 orc priests
  28 orange rats
  31 orc wizards
  9 worker ants
  A killer bee zombie (D:10)
  2 sheep (D:12)
  An ogre zombie (D:8)
  A hound skeleton (D:5)
  A worker ant zombie (D:11)
  17 adders
  12 gnolls
  28 green rats
  5 giant centipedes
  4 giant mites
  4 worms
  A giant eyeball (D:8)
  10 giant geckos
  An ooze (D:5)
  140 orcs
  23 bats
  A bat skeleton (D:5)
  7 giant cockroaches
  11 goblins
  5 grey rats (Lair:2)
  21 hobgoblins
  21 jackals
  10 quokkas
  A giant gecko skeleton (D:8)
  3 giant newts
  A goblin zombie (D:5)
  26 kobolds
  An orc skeleton (D:8)
  2 orc zombies
  31 rats
  3 ballistomycetes
  A crawling corpse (Elf:2)
  8 fungi
  12 plants
  3 tentacles (Shoals:1)
910 creatures vanquished.

Vanquished Creatures (collateral kills)
  A deep elf sorcerer (Elf:2)
  An orc warlord (Orc:4)
  An orc high priest (Orc:3)
  Nergalle (Orc:2)
  A deep elf knight (Elf:2)
  An orc knight (Orc:4)
  Pikel (D:6)
  A deep elf conjurer (Elf:2)
  2 deep elf priests (Elf:2)
  A hellwing (Orc:3)
  4 deep elf magi (Elf:2)
  Grum (Orc:3)
  4 deep elf fighters (Elf:2)
  3 wolves (Orc:3)
  21 orc warriors
  A slave (D:6)
  An ogre (Orc:3)
  A warg (Orc:4)
  3 orc priests
  11 orc wizards
  57 orcs
  4 jackals (D:6)
  2 spectral orcs (Orc:2)
  A crawling corpse (Elf:2)
125 creatures vanquished.

Vanquished Creatures (others)
  3 deep elf knights
  A two-headed ogre (Orc:4)
  5 ogres
  2 orcs (Orc:3)
  3 giant spores
  2 fungi
  A plant (D:12)
  9 tentacles (Shoals:1)
  304 tentacle segments (Shoals:1)
330 creatures vanquished.

Grand Total: 1365 creatures vanquished

Notes
Turn   | Place    | Note
--------------------------------------------------------------
     0 | D:1      | Numot, the Minotaur Berserker, began the quest for the Orb.
     0 | D:1      | Reached XP level 1. HP: 19/19 MP: 0/0
    46 | D:1      | Reached XP level 2. HP: 6/26 MP: 0/0
   346 | D:1      | Reached skill level 4 in Maces & Flails
   897 | D:2      | Found a snail-covered altar of Cheibriados.
   898 | D:2      | Found a glowing golden altar of the Shining One.
  1000 | D:2      | Reached XP level 3. HP: 33/33 MP: 1/1
  1054 | D:2      | Acquired Trog's second power
  1773 | D:3      | Reached XP level 4. HP: 40/40 MP: 1/1
  2667 | D:4      | Reached skill level 5 in Maces & Flails
  2667 | D:4      | Reached XP level 5. HP: 44/46 MP: 1/1
  3050 | D:4      | Noticed an ogre
  3059 | D:4      | Killed an ogre
  3059 | D:4      | Reached XP level 6. HP: 53/53 MP: 2/2
  3068 | D:4      | Acquired Trog's third power
  3213 | D:5      | Entered Level 5 of the Dungeon
  3216 | D:5      | Reached skill level 1 in Stealth
  3223 | D:5      | Noticed timbw's ghost (average TrFi)
  3237 | D:5      | Killed timbw's ghost
  3237 | D:5      | Reached skill level 5 in Fighting
  3237 | D:5      | Reached skill level 6 in Maces & Flails
  3237 | D:5      | Reached skill level 5 in Dodging
  3237 | D:5      | Reached XP level 7. HP: 27/60 MP: 2/2
  4002 | D:5      | Reached XP level 8. HP: 69/69 MP: 2/2
  4127 | D:6      | Noticed timbw's ghost (experienced TrFi)
  4146 | D:6      | Killed timbw's ghost
  4146 | D:6      | Reached skill level 7 in Fighting
  4146 | D:6      | Reached skill level 5 in Armour
  4277 | D:6      | Found an ancient bone altar of Kikubaaqudgha.
  4431 | D:6      | Noticed Pikel
  4443 | D:6      | Killed Pikel
  4443 | D:6      | Reached skill level 8 in Maces & Flails
  4600 | D:6      | Reached XP level 9. HP: 75/78 MP: 3/3
  5101 | D:7      | Reached skill level 9 in Maces & Flails
  5251 | D:7      | Found a staircase to the Ecumenical Temple.
  5329 | Temple   | Entered the Ecumenical Temple
  5877 | D:8      | Received a gift from Trog
  5965 | D:8      | Got a transparent great mace {god gift}
  5966 | D:8      | Identified the great mace of the Sky {god gift, crush, +Inv Stlth-} (Trog gifted it to you on level 8 of the Dungeon)
  6215 | D:8      | Reached XP level 10. HP: 81/88 MP: 3/3
  6250 | D:8      | Got a crude chain mail
  6268 | D:8      | Identified the +11 chain mail of Focus {rF++ Dex+1} (You found it on level 8 of the Dungeon)
  6469 | D:8      | Reached skill level 10 in Maces & Flails
  6502 | D:8      | Noticed Blork the orc
  6508 | D:8      | Killed Blork the orc
  6766 | D:8      | Reached skill level 10 in Fighting
  6768 | D:8      | Received a gift from Trog
  6963 | D:8      | Paralysed by a giant eyeball for 2 turns
  6967 | D:8      | Paralysed by a giant eyeball for 3 turns
  7607 | D:9      | Reached skill level 11 in Maces & Flails
  7686 | D:9      | Received a gift from Trog
  7708 | D:9      | Got a fine flail {god gift}
  7722 | D:9      | Identified the flail "Fodolegrel" {god gift, flame, rF+} (Trog gifted it to you on level 9 of the Dungeon)
  7807 | D:9      | Reached XP level 11. HP: 66/96 MP: 3/3
  7927 | D:10     | Entered Level 10 of the Dungeon
  8117 | D:10     | Reached skill level 10 in Dodging
  8973 | D:11     | Found a staircase to the Orcish Mines.
  8981 | Orc:1    | Entered Level 1 of the Orcish Mines
  9051 | Orc:1    | Noticed Erolcha
  9062 | Orc:1    | Killed Erolcha
  9320 | Orc:1    | Received a gift from Trog
  9375 | Orc:1    | Noticed Gastronok
  9388 | Orc:1    | Killed Gastronok
  9388 | Orc:1    | Reached skill level 12 in Fighting
  9388 | Orc:1    | Reached skill level 10 in Armour
  9527 | Orc:2    | Noticed Nergalle
  9537 | Orc:2    | Killed Nergalle
  9688 | Orc:2    | Noticed Maurice
  9725 | Orc:2    | Killed Maurice
  9899 | Orc:3    | Noticed Grum
  9907 | Orc:3    | Noticed Sonja
  9910 | Orc:3    | Noticed an orc high priest
  9920 | Orc:3    | Killed an orc high priest
  9922 | Orc:3    | Killed Grum
  9939 | Orc:3    | Killed Sonja
  9954 | Orc:3    | Found a roughly hewn altar of Beogh.
 10243 | Orc:3    | Noticed Fannar
 10247 | Orc:3    | Found a deep blue altar of Sif Muna.
 10260 | Orc:3    | Killed Fannar
 10260 | Orc:3    | Reached XP level 12. HP: 52/106 MP: 1/4
 10412 | Orc:4    | Entered Level 4 of the Orcish Mines
 11068 | Orc:4    | Received a gift from Trog
 11167 | Orc:4    | Found a roughly hewn altar of Beogh.
 11180 | Orc:4    | Found Nug Brit's Magic Scroll Shop.
 11193 | Orc:4    | Bought a scroll of identify for 26 gold pieces
 11193 | Orc:4    | Bought a scroll of identify for 26 gold pieces
 11193 | Orc:4    | Bought a scroll of remove curse for 39 gold pieces
 11193 | Orc:4    | Bought a scroll of enchant weapon II for 71 gold pieces
 11316 | Orc:4    | Found a roughly hewn altar of Beogh.
 11340 | Orc:4    | Found a roughly hewn altar of Beogh.
 11399 | Orc:4    | Found a staircase to the Elven Halls.
 11403 | Orc:4    | Found a roughly hewn altar of Beogh.
 11511 | Orc:4    | Found a roughly hewn altar of Beogh.
 11609 | Orc:4    | Noticed an orc warlord
 11615 | Orc:4    | Reached skill level 13 in Fighting
 11626 | Orc:4    | Killed an orc warlord
 11636 | Orc:4    | Received a gift from Trog
 11645 | Orc:4    | Found a roughly hewn altar of Beogh.
 11647 | Orc:4    | Found Scheatere's Antique Weapon Boutique.
 11668 | Orc:4    | Found Prut Uxt's Antique Armour Shop.
 11683 | Orc:4    | Bought a shiny dwarven plate armour for 717 gold pieces
 11716 | Orc:4    | Found a roughly hewn altar of Beogh.
 11805 | Orc:4    | Found a roughly hewn altar of Beogh.
 11824 | Orc:4    | Found Groapp's Gadget Boutique.
 11926 | Elf:1    | Entered Level 1 of the Elven Halls
 12581 | Elf:1    | Reached skill level 14 in Fighting
 12914 | Elf:1    | Reached XP level 13. HP: 115/117 MP: 1/4
 13044 | Elf:1    | Received a gift from Trog
 13141 | Elf:2    | Reached skill level 1 in Axes
 13237 | Elf:2    | Noticed a deep elf sorcerer
 13247 | Elf:2    | Killed a deep elf sorcerer
 13657 | Elf:2    | Noticed Norris
 13666 | Elf:2    | Paralysed by it for 4 turns
 13688 | Elf:2    | Killed Norris
 13688 | Elf:2    | Reached skill level 15 in Fighting
 13688 | Elf:2    | Reached skill level 5 in Axes
 13966 | Elf:2    | Noticed Rupert
 13985 | Elf:2    | Killed Rupert
 13985 | Elf:2    | Reached skill level 15 in Maces & Flails
 14059 | Elf:2    | Found Zaeraell's Food Shoppe.
 14066 | Elf:2    | Found Zyuxioh's General Store.
 14068 | Elf:2    | Bought an apple for 8 gold pieces
 14068 | Elf:2    | Bought a bread ration for 40 gold pieces
 14068 | Elf:2    | Bought an apple for 8 gold pieces
 14068 | Elf:2    | Bought a meat ration for 40 gold pieces
 14068 | Elf:2    | Bought a meat ration for 40 gold pieces
 14068 | Elf:2    | Bought a bread ration for 40 gold pieces
 14068 | Elf:2    | Bought a choko for 4 gold pieces
 14068 | Elf:2    | Bought a meat ration for 40 gold pieces
 14068 | Elf:2    | Bought a choko for 4 gold pieces
 14068 | Elf:2    | Bought a choko for 4 gold pieces
 14068 | Elf:2    | Bought a bread ration for 40 gold pieces
 14068 | Elf:2    | Bought a pear for 8 gold pieces
 14354 | Elf:2    | Noticed Donald
 14370 | Elf:2    | Killed Donald
 14370 | Elf:2    | Received a gift from Trog
 14748 | Elf:2    | Reached XP level 14. HP: 109/128 MP: 1/4
 15263 | Elf:3    | Entered Level 3 of the Elven Halls
 15820 | Elf:3    | Noticed a deep elf sorcerer
 15821 | Elf:3    | Noticed a deep elf blademaster
 15837 | Elf:3    | Reached skill level 16 in Fighting
 15838 | Elf:3    | Noticed a deep elf sorcerer
 15840 | Elf:3    | Noticed a deep elf blademaster
 15847 | Elf:3    | Noticed a Brimstone Fiend
 15855 | Elf:3    | Noticed a deep elf sorcerer
 16372 | Orc:3    | Noticed a stone giant
 16387 | Orc:3    | Killed a stone giant
 16537 | D:11     | Noticed ark's ghost (powerful TrEE)
 16552 | D:11     | Killed ark's ghost
 16603 | D:11     | Got an aquamarine-encrusted ring mail
 16618 | D:11     | Identified the +6 ring mail of the Frog {Str-3 Dex+1} (You found it on level 11 of the Dungeon)
 16641 | D:11     | Found Owidaxal's Antique Weapon Emporium.
 16654 | D:11     | Noticed Harold
 16666 | D:11     | Killed Harold
 16968 | D:12     | Received a gift from Trog
 16973 | D:12     | Got an ancient broad axe {god gift}
 16974 | D:12     | Identified the broad axe of Orb Guardian's Regret {god gift, flame, Int+2 Stlth} (Trog gifted it to you on level 12 of the Dungeon)
 17992 | D:12     | Found a staircase to the Lair.
 18147 | Lair:1   | Entered Level 1 of the Lair of Beasts
 18497 | Lair:1   | Reached skill level 10 in Axes
 18689 | Lair:1   | Received a gift from Trog
 19406 | Lair:2   | Received a gift from Trog
 20268 | Lair:4   | Found a staircase to the Shoals.
 20517 | Lair:4   | Received a gift from Trog
 20889 | Lair:4   | Reached XP level 15. HP: 125/138 MP: 1/5
 21563 | Shoals:1 | Entered Level 1 of the Shoals
 22060 | Shoals:1 | Reached skill level 17 in Fighting
 22492 | Shoals:1 | Noticed a kraken
 22526 | Shoals:2 | Killed from afar by a merfolk aquamancer

Action                   |  1- 3 |  4- 6 |  7- 9 | 10-12 | 13-15 || total
-------------------------+-------+-------+-------+-------+-------++-------
Melee: Mace              |    78 |    54 |    76 |       |       ||   208
       Dire flail        |       |    36 |    99 |   197 |   478 ||   810
       Morningstar       |       |       |    98 |   249 |   465 ||   812
       Great mace        |       |       |    21 |    59 |       ||    80
       Flail             |       |       |       |   403 |       ||   403
       Executioner's axe |       |       |       |       |   126 ||   126
       Broad axe         |       |       |       |       |     1 ||     1
Throw: Hand axe          |       |       |       |     1 |       ||     1
Invok: Berserk           |       |     3 |     4 |     2 |    10 ||    19
       Brothers in Arms  |       |       |     3 |    17 |     9 ||    29
       Burn Spellbooks   |       |       |     1 |     1 |     3 ||     5
       Trog's Hand       |       |       |       |       |     3 ||     3
  Use: Scroll            |     2 |    12 |     8 |    15 |     9 ||    46
       Potion            |     2 |     3 |     4 |     8 |     9 ||    26
 Stab: Sleeping          |       |     1 |       |       |       ||     1
       Invisible         |       |       |       |       |     1 ||     1
